 Dungeon Crawl Stone Soup version 0.27.1-34-g3ba077fa99 (webtiles) character file.

Game seed: 17813377117495687055

412 ticklebelly the Skirmisher (level 6, -2/57 HPs)
             Began as a Minotaur Berserker on Jan 3, 2022.
             Was a Believer of Trog.
             Slain by an ogre (26 damage)
             ... on level 4 of the Dungeon.
             The game lasted 00:06:45 (3629 turns).

ticklebelly the Skirmisher (Minotaur Berserker)     Turns: 3629, Time: 00:06:46

Health: -2/57      AC: 11    Str: 23    XL:     6   Next: 59%
Magic:  5/5        EV:  9    Int:  4    God:    Trog [**....]
Gold:   62         SH:  0    Dex: 10    Spells: 5/5 levels left

rFire    + . .     SeeInvis .   l - +0 battleaxe
rCold    + . .     Faith    .   (shield currently unavailable)
rNeg     . . .     Spirit   .   r - +0 chain mail
rPois    .         Reflect  .   (helmet restricted)
rElec    .         Harm     .   f - scarf {rC+ rF+}
rCorr    .         Rampage  .   (no gloves)
Will     ++...                  j - +0 pair of boots
Stlth    ..........             (no amulet)
HPRegen  1.19/turn              (no ring)
MPRegen  0.09/turn              (no ring)

@: strong-willed, regenerating
A: horns 2, retaliatory headbutt
a: Renounce Religion, Berserk, Trog's Hand


You were on level 4 of the Dungeon.
You worshipped Trog.
Trog was pleased with you.
You visited 1 branch of the dungeon, and saw 4 of its levels.

You collected 62 gold pieces.

Inventory:

Hand Weapons
 l - a +0 battleaxe (weapon)
 m - a +0 war axe
Armour
 f - a scarf of resistance (worn)
 j - a +0 pair of boots (worn)
 r - a +0 chain mail (worn)
Scrolls
 a - a scroll of identify {unknown}
 b - 2 scrolls of enchant weapon {unknown}
 c - 2 scrolls of silence {unknown}
 d - a scroll of acquirement {unknown}
 e - a scroll of amnesia {unknown}
 g - 2 scrolls of fear {unknown}
 h - a scroll of fog {unknown}
Potions
 i - 2 potions of lignification {unknown}
 k - a potion of resistance {unknown}
 n - a potion of heal wounds {unknown}
 o - a potion of brilliance {unknown}
 q - a potion of degeneration {unknown}


   Skills:
 + Level 5.8 Fighting
 + Level 5.7 Axes
 + Level 5.0 Armour
 - Level 3.1 Dodging


You had 5 spell levels left.
You didn't know any spells.
Your spell library was empty.

Dungeon Overview and Level Annotations

Branches:
Dungeon (4/15)
 Temple: D:4-7

Altars:
Nemelex Xobeh
Qazlal

Annotations:
D:4 Edmund


Innate Abilities, Weirdness & Mutations

You have a pair of horns on your head.
You reflexively headbutt those who attack you in melee.


Message History

An ogre comes into view. It is wielding a +0 giant spiked club.
The ogre shouts!
You hear an angry hiss.
An adder comes into view.
You hear a loud, deep croak!
Found 23 sling bullets.
Found a stone staircase leading up.
You hear a shout!
A bullfrog comes into view.
The adder bites you but does no damage.
Edmund the Younger comes into view.
He is wielding a +2 flail of protection.
You miss the adder. The adder bites you but does no damage.
The bullfrog closely misses you. You furiously retaliate!
You headbutt the bullfrog! The adder bites you.
You are poisoned.
The adder poisons you!
You feel sick.
You feel sick. The bullfrog hits you.
You closely miss the bullfrog.
The bullfrog is heavily wounded.
You feel sick. The bullfrog hits you. x2
You slice the bullfrog!!
You kill the bullfrog!
Trog accepts your kill.
You feel sick. The adder bites you but does no damage.
Your Armour skill increases to level 5!
You slash the adder!
You kill the adder!
Trog accepts your kill.
You feel sick.
You are no longer poisoned.
The ogre hits you with a +0 giant spiked club!
You slash the ogre!
The ogre is heavily wounded.
A gnoll comes into view. It is wielding a +3 war axe.
The ogre completely misses you. You furiously retaliate!
You headbutt the ogre, but do no damage.
Your skin crawls.
You feel strong-willed.
The gnoll shouts!
You hear a shout!
The ogre hits you with a +0 giant spiked club!!
You die...

#......# .... #<. #......#
.... ... #......# .....
#.# #......# ..... #.#
#......# ......#.#
#......#
...[..#.###########..#####
......>.##...........#
.......@O@.#########.#
...g....#### #.# .......##
##### #.# .(..... #...#
#.# #####..## #...# #.#
##... #...# #.# ## #.#.
####...# #.# ..
#.#.##......# #.# . #.
#.#..#.##...# #.#


You could see Edmund, an ogre and a gnoll.

Vanquished Creatures
  A phantom (D:3)
  A bullfrog (D:4)
  2 jellies
  Terence (D:3)
  An orc wizard (D:3)
  4 gnolls (D:3)
  4 adders
  2 worms (D:3)
  3 dart slugs
  7 orcs (D:3)
  5 bats
  7 endoplasms
  5 giant cockroaches
  4 goblins
  4 hobgoblins
  3 quokkas
  7 ball pythons
  4 frilled lizards
  6 kobolds
  A rat (D:1)
72 creatures vanquished.

Notes
Turn   | Place    | Note
-------+----------+-------------------------------------------
     0 | D:1      | ticklebelly the Minotaur Berserker began the quest for the
                  | Orb.
     0 | D:1      | Reached XP level 1. HP: 19/19 MP: 0/0
   137 | D:1      | Reached XP level 2. HP: 20/27 MP: 1/1
   905 | D:1      | Found a faded altar of an unknown god.
   911 | D:1      | Reached XP level 3. HP: 33/33 MP: 2/2
  1167 | D:2      | Reached XP level 4. HP: 27/41 MP: 3/3
  1614 | D:2      | Reached ** piety under Trog
  2477 | D:3      | Noticed Terence
  2484 | D:3      | Killed Terence
  2728 | D:3      | Found a stormy altar of Qazlal.
  2790 | D:3      | Reached XP level 5. HP: 47/47 MP: 4/4
  2821 | D:3      | Noticed a phantom
  2828 | D:3      | Killed a phantom
  2829 | D:3      | Reached skill level 5 in Fighting
  2829 | D:3      | Reached skill level 5 in Axes
  3177 | D:3      | Found a sparkling altar of Nemelex Xobeh.
  3194 | D:3      | Reached XP level 6. HP: 45/56 MP: 5/5
  3621 | D:4      | Noticed Edmund
  3627 | D:4      | Reached skill level 5 in Armour
  3629 | D:4      | Slain by an ogre

Illustrated notes

Levels and vault maps discovered:
D:1:      onia_arrival_pyramid, layout_loops_ring, ebering_ecumenical_altar_webs
D:2:      layout_basic, serial_aquarium, aquarium_bridge_island_small
          [aquarium_subvault_small_open, aquarium_subvault_wall,
          aquarium_subvault_bridge, aquarium_subvault_bridge,
          aquarium_subvault_wall], aquarium_window_fake, aquarium_window_corner,
          aquarium_window_corridor_3, aquarium_window_fake, aquarium_view_2b,
          aquarium_balcony_5a, kennysheep_big_empty_room, kennysheep_potato
D:3:      layout_loops_cross, nicolae_qazlal_scattered_showers,
          mainiacjoe_overflow_surrounded_room, skrybe_limestone_x,
          minmay_misc_feat_x, serial_bayou_pond_e, uniq_terence
D:4:      layout_rooms, minmay_temple_entry_nine_rooms, uniq_sigmund,
          uniq_edmund

Skill      XL: |  1  2  3  4  5  6 |
---------------+-------------------+-----
Fighting       | 4 5 |  5.8
Axes           | 4 5 |  5.7
Armour         | 3 4 5 |  5.0
Dodging        | 3 |  3.1

Action                   |  1- 3 |  4- 6 || total
-------------------------+-------+-------++-------
Melee: Hand axe          |    49 |    37 ||    86
       Headbutt          |     8 |    20 ||    28
       Battleaxe         |       |    60 ||    60
Invok: Berserk           |     1 |       ||     1
       Trog's Hand       |       |     1 ||     1
 Stab: Distracted        |     1 |       ||     1
Armor: Animal skin       |    11 |       ||    11
       Ring mail         |       |    32 ||    32
       Chain mail        |       |     8 ||     8
Dodge: Dodged            |    32 |    51 ||    83
